Map: Apotheosis LE

Players

FatalReMax

  • Race: Terran Terran
  • League: Platinum

Lassker - Winner!

  • Race: Zerg Zerg
  • League: Platinum

VOD

Have the link to the VOD?

Description

Time

  • Played on: Aug. 3, 2016, 5:57 a.m.
  • Length: 17:24
Show
View Real Time Build Order
Export as new Build Order

FatalReMax Terran 

Build Orders: Reaper Expand 

Get SALT Encoding   

  12  0:01  SCV  
  13  0:13  SCV  
  14  0:17  Supply Depot  
  14  0:25  SCV  
  15  0:39  SCV  
  15  0:40  Barracks  
  16  0:46  Refinery  
  16  0:52  SCV  
  17  1:05  SCV  
  18  1:17  SCV  
  19  1:28  Reaper  
  21  1:37  Orbital Command  
  20  1:48  Command Center  
  20  2:05  Bunker, Barracks Reactor  
  20  2:07  SCV  
  21  2:15  Barracks  
  21  2:20  SCV  
  22  2:32  SCV  
  23  3:00  Marine x2, SCV  
  23  3:04  Supply Depot  
  26  3:06  Supply Depot  
  26  3:08  Barracks Tech Lab, Factory  
  26  3:12  SCV  
  27  3:19  Refinery  
  27  3:24  SCV  
  27  3:25  Factory  
  28  3:33  Orbital Command  
  28  3:36  Marauder, SCV  
  31  3:48  Marine, SCV  
  32  3:49  Marine  
  34  3:57  Marauder  
  34  3:58  Widow Mine  
  34  4:00  SCV  
  40  4:10  SCV  
  40  4:13  SCV  
  41  4:21  Marine  
  41  4:22  Marauder, Marine  
  45  4:26  Widow Mine  
  45  4:27  Starport  
  47  4:35  SCV x2  
  49  4:38  Factory Tech Lab  
  49  4:39  Marine x2  
  49  4:43  Marauder  
  53  4:53  SCV  
  53  4:55  Factory Tech Lab  
  54  5:00  Supply Depot  
  54  5:01  Supply Depot  
  54  5:02  Supply Depot  
  54  5:04  Supply Depot  
  54  5:09  Starport Reactor  
  54  5:22  Marauder, Marine x2, SCV x2  
  54  5:23  Engineering Bay  
  54  5:24  Engineering Bay  
  60  5:34  SCV x2  
  62  5:39  Marine  
  63  5:44  Marauder  
  63  5:46  Medivac x2, SCV x2  
  71  5:54  Refinery  
  71  5:57  Refinery  
  71  6:05  Marauder  
  71  6:07  Terran Infantry Armor Level 1, Terran Infantry Weapons Level 1  
  73  6:41  Marauder, Marine x2  
  73  6:43  Siege Tank x2  
  83  6:50  Barracks  
  83  6:54  Barracks  
  83  6:56  Barracks  
  83  6:59  Medivac, Marine  
  86  7:15  Supply Depot  
  86  7:16  Supply Depot x2  
  86  7:17  Supply Depot  
  86  7:29  Marine  
  86  7:30  Marine  
  86  7:32  Siege Tank  
  86  7:36  Medivac  
  86  7:37  Marauder  
  81  7:47  Marine  
  81  7:48  Marine  
  77  7:55  Marine x3  
  77  7:57  Marine  
  81  7:58  Widow Mine  
  81  8:03  Widow Mine  
  81  8:04  Marine  
  86  8:06  Marine  
  86  8:07  Stimpack  
  86  8:11  Armory  
  87  8:12  Marine  
  87  8:13  Armory, Marine x2  
  87  8:15  Marine  
  87  8:17  Sensor Tower  
  91  8:22  Marine  
  91  8:23  Marine  
  99  8:47  Barracks Tech Lab  
  99  8:48  Barracks Reactor  
  93  8:57  Terran Infantry Armor Level 2, Terran Infantry Weapons Level 2  
  93  9:01  Siege Tank  
  93  9:02  Siege Tank  
  99  9:33  Marauder  
  99  9:34  Marauder, Marine x5  
  97  9:51  Marine  
  97  9:52  Marine x2  
  87  9:55  Marauder x2, Marine  
  87  9:56  Marine  
  87  9:59  SCV  
  86  10:09  Marine x3  
  86  10:13  Marine  
  86  10:14  Marine  
  91  10:16  Marauder x2  
  91  10:20  Medivac x2  
  99  10:21  SCV x2  
  99  10:25  Combat Shields  
  101  10:29  Terran Vehicle Weapons Level 1  
  101  10:38  Marauder x2  
  105  10:50  Medivac x2  
  105  10:56  Command Center  
  109  10:59  Marauder x2  
  113  11:11  Marine x3  
  113  11:12  Marine x2  
  113  11:14  Terran Infantry Armor Level 3  
  113  11:15  Terran Infantry Weapons Level 3  
  118  11:32  Starport  
  118  12:00  Marine x2  
  121  12:08  Marauder x2  
  121  12:25  Marine x3  
  121  12:26  Marine x2  
  130  12:30  Marauder x2  
  79  12:48  Marine x3  
  79  12:49  Marine x2  
  66  12:51  Marauder x2  
  66  13:06  Marine x3  
  66  13:07  Marine x2  
  66  13:12  Marauder x2  
  75  13:13  Siege Tank x2  
  81  13:24  Marine x2  
  83  13:31  Marine x2  
  83  13:33  Starport Tech Lab  
  83  13:34  Marauder  
  87  13:45  Sensor Tower, SCV x2, Siege Tank x2  
  87  13:47  SCV  
  96  13:57  SCV x2  
  96  13:58  Marauder, Marine x3  
  96  13:59  Marine, SCV  
  107  14:09  Sensor Tower  
  107  14:11  Medivac  
  107  14:14  SCV x2  
  109  14:17  SCV  
  109  14:20  Marauder  
  109  14:21  Marauder, Marine x4  
  118  14:26  SCV  
  118  14:27  Medivac  
  121  14:39  Terran Vehicle Weapons Level 2  
  121  14:40  Terran Vehicle And Ship Armor Level 1  
  121  14:54  Marauder  
  121  14:57  Marauder  
  121  14:58  Marine x4  
  129  15:06  Marine  
  130  15:11  Raven  
  132  15:41  Marauder  
  132  15:42  Siege Tank  
  133  15:43  Marauder  
Show
View Real Time Build Order
Export as new Build Order

Lassker Zerg - Winner!

Build Orders: Hatch First 

Get SALT Encoding   

  12  0:06  Drone  
  13  0:09  Drone  
  14  0:43  Overlord  
  14  0:45  Hatchery  
  13  0:58  Drone  
  13  1:02  Drone x2  
  16  1:40  Spawning Pool  
  16  1:41  Extractor  
  16  1:47  Drone x3  
  17  2:07  Drone x2  
  19  2:12  Overlord  
  19  2:13  Extractor  
  18  2:22  Drone x3  
  21  2:26  Queen  
  23  2:30  Queen  
  25  2:37  Overlord  
  25  2:41  Zergling x4  
  27  2:44  Zergling x2  
  27  2:50  Spore Crawler  
  26  3:07  Drone x2  
  26  3:11  Metabolic Boost  
  28  3:15  Drone  
  28  3:17  Drone  
  30  3:29  Drone x3  
  30  3:30  Drone  
  34  3:38  Evolution Chamber  
  34  3:41  Baneling Nest  
  31  3:45  Zergling x4  
  33  3:52  Overlord  
  33  3:55  Overlord  
  33  4:09  Spore Crawler  
  32  4:10  Zerg Melee Weapons Level 1  
  32  4:17  Drone x3, Roach Warren  
  34  4:29  Zergling x8  
  34  4:30  Zergling x2  
  37  4:41  Lair  
  37  4:52  Hatchery  
  36  5:10  Drone x2  
  36  5:11  Drone x6  
  44  5:16  Drone, Extractor  
  44  5:22  Overlord  
  44  5:26  Overlord  
  44  5:30  Drone x3  
  47  5:42  Evolution Chamber  
  46  5:44  Pneumatized Carapace  
  46  5:50  Hydralisk Den  
  46  5:55  Drone  
  46  5:58  Extractor  
  45  6:05  Overlord  
  45  6:10  Zerg Missile Weapons Level 1  
  45  6:12  Drone x2  
  45  6:13  Drone  
  45  6:15  Drone x6  
  45  6:16  Drone x3, Queen  
  59  6:19  Overlord  
  59  6:31  Spore Crawler  
  58  6:33  Hydralisk x3  
  64  6:40  Muscular Augments  
  64  6:43  Hydralisk x2  
  64  6:44  Hydralisk  
  70  6:52  Centrifical Hooks  
  70  6:57  Baneling x3  
  70  6:58  Baneling x5  
  70  7:03  Hydralisk x2  
  70  7:04  Hydralisk x2  
  78  7:24  Zerg Ground Armor Level 1  
  77  7:36  Hydralisk x3  
  71  7:37  Hydralisk  
  73  7:51  Drone x6  
  74  7:52  Drone x3  
  74  7:55  Extractor  
  74  7:56  Drone  
  80  7:58  Extractor  
  79  8:08  Queen  
  81  8:24  Overlord  
  81  8:27  Overlord  
  81  8:30  Zerg Missile Weapons Level 2  
  81  8:37  Hydralisk x3  
  81  8:38  Hydralisk x3  
  81  8:39  Infestation Pit  
  81  8:41  Zergling x10  
  93  8:42  Zergling x2  
  93  8:43  Drone x3  
  93  8:45  Overlord x4  
  101  9:03  Baneling  
  101  9:04  Baneling x4  
  101  9:08  Hydralisk  
  101  9:09  Hydralisk x5  
  111  9:10  Zergling x10  
  111  9:11  Zergling x2  
  119  9:23  Hydralisk x5, Zergling x4  
  131  9:27  Extractor  
  131  9:28  Hatchery  
  131  9:31  Extractor  
  126  9:32  Hydralisk x2  
  116  10:04  Overlord  
  116  10:07  Hive, Zerg Ground Armor Level 2  
  116  10:13  Drone  
  116  10:14  Drone x2  
  119  10:15  Drone x3  
  119  10:17  Overlord x3  
  119  10:18  Overseer x4  
  122  10:30  Queen  
  122  10:35  Drone x4  
  128  10:51  Queen  
  128  10:52  Overlord  
  128  10:53  Overlord x4  
  128  10:55  Overseer x2  
  128  10:56  Overseer  
  130  11:06  Spire  
  129  11:30  Adrenal Glands  
  129  11:32  Zerg Missile Weapons Level 3, Hydralisk x3  
  129  11:33  Ultralisk Cavern, Hydralisk x5  
  129  11:34  Hydralisk  
  146  11:42  Overseer  
  146  11:46  Hydralisk x3  
  152  12:00  Baneling x5  
  152  12:03  Hydralisk  
  152  12:04  Hydralisk x3  
  152  12:05  Zergling x8  
  164  12:17  Zergling x10  
  164  12:18  Zergling x8  
  148  12:37  Hatchery  
  148  12:42  Extractor  
  125  12:46  Chitinous Plating  
  119  13:09  Drone x5  
  119  13:11  Spore Crawler  
  123  13:17  Overlord x3  
  123  13:20  Zerg Flyer Weapons Level 1  
  123  13:45  Baneling x4  
  123  13:46  Baneling x3  
  123  13:47  Extractor  
  122  13:48  Zerg Melee Weapons Level 2  
  122  13:54  Zergling x12  
  122  13:55  Zergling x12  
  131  13:56  Zergling x20  
  144  14:04  Drone x4  
  144  14:05  Drone x2  
  144  14:06  Drone  
  151  14:36  Zerg Ground Armor Level 3  
  151  14:41  Pathogen Glands  
  151  14:49  Zergling x2  
  151  14:50  Zergling x18  
  151  14:51  Zergling x4  
  151  14:52  Spore Crawler  
  162  15:25  Ultralisk x6  
  181  16:09  Corruptor x3  
  181  16:10  Corruptor x6  
  199  16:17  Spire  
  198  16:35  Baneling x4  
  198  16:36  Baneling x7  
  198  16:37  Baneling x2  
  198  16:58  Overseer  
  198  16:59  Overlord x3  
Tags
 
Add a new tag
Caveats
  • Supply blocks, unpowered buildings, or Contaminate may cause inaccurate times.
  • Supply counts are checked every 10 seconds.